 Dungeon Crawl Stone Soup version 0.29.1-12-g30fa7ad0bf (webtiles) character file.

Game seed: 533321935705045618

131659 cheesebisquit the Peltast (level 16, -3/138 (146) HPs)
             Began as a Minotaur Berserker on Dec 26, 2022.
             Was a High Priest of Trog.
             Slain by a pharaoh ant (5 damage)
             ... on level 3 of the Spider Nest.
             The game lasted 02:08:05 (26517 turns).

cheesebisquit the Peltast (Minotaur Berserker)     Turns: 26517, Time: 02:08:05

HP:   -3/138 (146)  AC: 32    Str: 34    XL:     16   Next: 55%
MP:   0/15          EV:  6    Int:  4    God:    Trog [*****.]
Gold: 725           SH:  0    Dex: 10    Spells: 15/15 levels left

rFire   + + +      SeeInvis +   l - +7 war axe (flame)
rCold   + + .      Faith    .   K - +2 shield of Resistance {rF++ rC++ Will++}
rNeg    + . .      Spirit   +   a - +2 plate armour {rN+}
rPois   +          Reflect  .   S - +2 hat
rElec   .          Harm     .   E - +0 cloak
rCorr   .          Rampage  .   q - +1 pair of gloves
Will    +++..                   F - +2 pair of boots "Pauhufu" {rPois}
Stlth   ..........              y - amulet of guardian spirit
HPRegen 0.33/turn               h - ring "Vuaj" {rF+ Str+4 Slay+4 SInv}
MPRegen 0.14/turn               k - +4 ring of protection

@: confused, mighty, held, slowed, drained, very slow
A: horns 2, retaliatory headbutt
a: Renounce Religion, Berserk, Trog's Hand, Brothers in Arms


You were on level 3 of the Spider Nest.
You worshipped Trog.
Trog was extremely pleased with you.
You visited 4 branches of the dungeon, and saw 25 of its levels.
You also visited: Sewer and Bailey.

You collected 2530 gold pieces.
You spent 1805 gold pieces at shops.

Inventory:

Hand Weapons
 b - a +1 sling of freezing
 l - a +7 war axe of flaming (weapon)
 J - the +2 war axe "Cush" {flame, Drain Str+9 Int+2}
   (You found it on level 3 of the Lair of Beasts)

   It burns those it strikes, dealing additional fire damage.
   Big, fiery blades are also staple armaments of hydra-hunters.
   Str:       It affects your strength (+9).
   Int:       It affects your intelligence (+2).
   Drain:     It drains your maximum health when unequipped.
 O - a +2 morningstar of holy wrath
Missiles
 g - 76 poisoned darts (quivered)
 o - 24 atropa-tipped darts
 B - 2 throwing nets
 R - 9 curare-tipped darts
 V - 4 datura-tipped darts
Armour
 a - a +2 plate armour of positive energy (worn)
 i - +0 storm dragon scales
 q - a +1 pair of gloves (worn)
 u - a +2 pair of boots
 w - a +0 plate armour
 E - a +0 cloak (worn)
 F - the +2 pair of boots "Pauhufu" (worn) {rPois}
   (You bought it in a shop on level 2 of the Orcish Mines)

   rPois:     It protects you from poison.
 K - the +2 shield of Resistance (worn) {rF++ rC++ Will++}
   (You bought it in a shop on level 2 of the Orcish Mines)

   rF:        It greatly protects you from fire.
   rC:        It greatly protects you from cold.
   Will:      It greatly increases your willpower.
 S - a +2 hat (worn)
 U - the +2 buckler of Purpose {Drain rPois rF++ Stlth+}
   (You found it in a bailey)

   rF:        It greatly protects you from fire.
   rPois:     It protects you from poison.
   Drain:     It drains your maximum health when unequipped.
   Stlth:     It makes you more stealthy.
Jewellery
 h - the ring "Vuaj" (left hand) {rF+ Str+4 Slay+4 SInv}
   (You acquired it on level 2 of the Lair of Beasts)

   [ring of slaying]

   Str:       It affects your strength (+4).
   Slay:      It affects your accuracy & damage with ranged weapons and melee
   (+4).
   rF:        It protects you from fire.
   SInv:      It lets you see invisible.
 k - a +4 ring of protection (right hand)
 r - a ring of see invisible
 v - an amulet of regeneration
 y - an amulet of guardian spirit (around neck)
 I - an amulet of magic regeneration
 M - a ring of flight
 N - a ring of resist corrosion
 Q - an amulet of the acrobat
Wands
 d - a wand of paralysis (24)
 z - a wand of acid (10)
 A - a wand of flame (72)
 H - a wand of digging (2)
 T - a wand of roots (12)
 Y - a wand of mindburst (11)
Scrolls
 c - 2 scrolls of silence
 m - 5 scrolls of butterflies
 p - 2 scrolls of blinking
 x - 3 scrolls of fear
 C - 7 scrolls of teleportation
 P - a scroll of magic mapping
Potions
 e - 5 potions of might
 f - a potion of haste
 j - 3 potions of ambrosia
 n - 2 potions of invisibility
 s - 4 potions of heal wounds
 t - 3 potions of cancellation
 D - 12 potions of lignification
 G - 16 potions of curing
 X - 2 potions of magic
 Z - 4 potions of resistance
Miscellaneous
 W - a lightning rod (4/4)


   Skills:
 + Level 14.0 Fighting
 + Level 19.2 Axes
 + Level 13.7 Armour
 + Level 12.7 Dodging
 + Level 20.0 Shields


You had 15 spell levels left.
You didn't know any spells.
Your spell library was empty.

Dungeon Overview and Level Annotations

Branches:
Dungeon (15/15)            Temple (0/1) D:7            Lair (5/5) D:9
  Swamp (0/4) Lair:2       Spider (3/4) Lair:2        Slime (0/5) Lair:4
    Orc (2/2) D:12            Elf (0/3) Orc:2        Vaults (0/5) D:13
 Depths (0/4) D:15          Sewer (visited)          Bailey (visited)

Altars:
Cheibriados
Dithmenos
Fedhas
Qazlal
Vehumet
Wu Jian

Shops:
D:1 *   D:4 !   D:7 (   D:8 [   D:12 (   D:15 (   Orc:2 [[([*

Annotations:
Lair:4 2 transporters


Innate Abilities, Weirdness & Mutations

You have a pair of horns on your head.
You reflexively headbutt those who attack you in melee.


Message History

* * * LOW HITPOINT WARNING * * *
The jumping spider pounces on you.
* * * LOW HITPOINT WARNING * * *
The jumping spider barely misses you. The jumping spider pounces on you!
* * * LOW HITPOINT WARNING * * *
You are even more entangled.
The jumping spider bites you but does no damage.
The wolf spider hits you but does no damage.
The wolf spider bites you.
* * * LOW HITPOINT WARNING * * *
The wolf spider hits you but does no damage.
The wolf spider bites you but does no damage.
You feel much better.
The pharaoh ant bites you but does no damage.
The jumping spider barely misses you.
The jumping spider bites you but does no damage.
The jumping spider closely misses you.
The jumping spider bites you but does no damage.
The tarantella barely misses you.
The wolf spider hits you but does no damage.
The wolf spider bites you but does no damage.
The wolf spider hits you!
* * * LOW HITPOINT WARNING * * *
The wolf spider bites you but does no damage.
The pharaoh ant bites you!!
* * * LOW HITPOINT WARNING * * *
The jumping spider pounces on you.
* * * LOW HITPOINT WARNING * * *
You are even more entangled.
The jumping spider bites you but does no damage.
The jumping spider pounces on you.
* * * LOW HITPOINT WARNING * * *
The jumping spider bites you but does no damage.
The tarantella touches you but does no damage.
The wolf spider hits you but does no damage.
The wolf spider bites you but does no damage.
The wolf spider hits you but does no damage.
The wolf spider bites you but does no damage.
The pharaoh ant bites you.
You die...

.............
............ ..
.^......... ...
.#....#...##.##
...............
......B...w....
......ss.......
......s@.......
......sBs......
.......†.......
..........####.
..........#
...........
.###...#..^#
#..^ .^## ####
#.#


You could see a radroach, a torpor snail, 2 wolf spiders, a pharaoh ant, 2
jumping spiders and a tarantella.

Vanquished Creatures
  Rupert (D:15)
  Jorgrun (D:13)
  Kirke (D:14)
  2 emperor scorpions
  A ghost moth (Spider:1)
  A broodmother (Spider:2)
  Nessos (D:15)
  A dire elephant (D:15)
  An entropy weaver (Spider:1)
  A spark wasp (Spider:2)
  Josephine (D:15)
  A fire dragon (Lair:5)
  9 hydras
  6 boulder beetles
  A catoblepas (Lair:5)
  Erica (Lair:1)
  3 centaur warriors
  A radroach (Spider:3)
  3 two-headed ogres
  5 death yaks
  14 slime creatures
  2 tengu warriors (D:13)
  Urug (Lair:1)
  3 orc high priests (Orc:2)
  Sonja (Lair:1)
  Amaemon (Lair:1)
  2 fire crabs (shapeshifter) (D:13)
  3 pharaoh ants
  A steelbarb worm (Spider:1)
  2 lindwurms (Lair:5)
  A swamp dragon (Lair:5)
  2 orb spiders
  7 orc knights
  16 wolf spiders
  7 cyclopes
  3 ugly things (D:13)
  A faun (Lair:5)
  3 deep elf pyromancers
  5 orc sorcerers
  A manticore (D:15)
  A salamander (D:15)
  10 elephants
  Joseph (D:7)
  3 moths of wrath
  A guardian serpent (Lair:5)
  6 torpor snails
  8 black mambas
  An orange demon (Lair:1)
  A gargoyle (D:11)
  17 cane toads
  A freezing wraith (D:14)
  11 komodo dragons
  An unseen horror (D:8)
  Maggie (D:8)
  5 demonic crawlers
  An efreet (D:13)
  10 rime drakes
  4 trolls
  A troll (shapeshifter) (D:13)
  2 wind drakes (shapeshifter)
  5 polar bears
  A tarantella (shapeshifter) (D:12)
  Grinder (D:3)
  6 meliai
  A queen bee (Spider:2)
  22 blink frogs
  3 hornets
  23 tarantellas
  8 dream sheep
  18 jumping spiders
  Sigmund (D:4)
  19 culicivoras
  2 shadows
  15 wyverns
  37 yaks
  3 basilisks
  4 wraiths
  2 vampires (D:12)
  6 hogs (D:14)
  8 steam dragons
  10 vampire mosquitoes
  4 wargs
  20 redbacks
  An acid dragon (Lair:5)
  3 swamp worms (Lair:2)
  24 water moccasins
  Duvessa (D:4)
  A black bear (Lair:1)
  2 swamp drakes
  18 orc warriors
  A sky beast (D:6)
  2 ice beasts (D:7)
  3 ogres
  33 wolves
  A phantom (D:4)
  10 kobold brigands
  18 bullfrogs
  A gnoll sergeant (D:12)
  3 necrophages
  4 scorpions
  8 wights
  Dowan (D:4)
  23 killer bees
  5 howler monkeys
  A crimson imp (Orc:1)
  3 gnoll boudas
  4 hounds
  14 orc priests
  13 jellies
  An iron imp (Orc:1)
  7 iguanas
  27 orc wizards
  Ijyb (D:3)
  Natasha (twice) (D:3)
  4 hell rats (Lair:5)
  19 gnolls
  10 adders
  4 river rats
  2 shadow imps
  3 white imps
  An ufetubus (D:7)
  2 worms (D:6)
  3 dart slugs (D:2)
  49 orcs
  5 bats
  8 endoplasms
  2 giant cockroaches
  5 goblins
  4 hobgoblins
  9 jackals
  30 kobolds
  3 quokkas
  A ball python (D:4)
  3 frilled lizards
  10 rats
836 creatures vanquished.

Vanquished Creatures (others)
  40 fungi
  113 plants
153 creatures vanquished.

Grand Total: 989 creatures vanquished

Notes
Turn   | Place    | Note
-------+----------+-------------------------------------------
     0 | D:1      | cheesebisquit the Minotaur Berserker began the quest for
                  | the Orb.
     0 | D:1      | Reached XP level 1. HP: 19/19 MP: 0/0
   218 | D:1      | Found Taoklian's Assorted Antiques.
   254 | D:1      | Reached XP level 2. HP: 27/27 MP: 1/1
   376 | D:1      | Found a faded altar of an unknown god.
  1010 | D:2      | Reached XP level 3. HP: 31/33 MP: 2/2
  1179 | D:2      | Reached skill level 5 in Axes
  1188 | D:2      | Reached ** piety under Trog
  1631 | D:3      | Reached XP level 4. HP: 32/40 MP: 3/3
  1872 | D:3      | Noticed Ijyb
  1880 | D:3      | Killed Ijyb
  2086 | D:3      | Noticed Grinder
  2092 | D:3      | Paralysed by Grinder for 5 turns
  2100 | D:3      | Paralysed by Grinder for 2 turns
  2107 | D:3      | Killed Grinder
  2108 | D:3      | Reached XP level 5. HP: 46/46 MP: 4/4
  2108 | D:3      | Reached XP level 6. HP: 52/52 MP: 5/5
  2205 | D:3      | Noticed Natasha
  2210 | D:3      | Killed Natasha
  2384 | D:3      | Noticed Natasha
  2388 | D:3      | Killed Natasha
  2676 | D:4      | Reached XP level 7. HP: 57/58 MP: 6/6
  2706 | D:4      | Noticed Duvessa
  2708 | D:4      | Noticed Dowan
  2717 | D:4      | Reached skill level 10 in Axes
  2721 | D:4      | Killed Duvessa
  2724 | D:4      | Killed Dowan
  2879 | D:4      | Found Icusesut's Distillery.
  3021 | D:4      | Bought a potion of heal wounds for 50 gold pieces
  3405 | D:4      | Noticed Sigmund
  3414 | D:4      | Killed Sigmund
  3415 | D:4      | Reached XP level 8. HP: 66/66 MP: 7/7
  3888 | D:5      | Entered Level 5 of the Dungeon
  4803 | D:6      | Found a glowing drain.
  4820 | Sewer    | Entered a sewer
  4925 | Sewer    | Found a white marble altar of Elyvilon.
  5117 | D:6      | Found a snail-covered altar of Cheibriados.
  5214 | D:6      | Reached XP level 9. HP: 68/71 MP: 8/8
  5524 | D:7      | Found Gilacs's Antique Weapon Shoppe.
  5532 | D:7      | Found a staircase to the Ecumenical Temple.
  5574 | D:7      | Reached skill level 15 in Axes
  5590 | D:7      | Reached *** piety under Trog
  5958 | D:7      | Noticed Joseph
  5970 | D:7      | Killed Joseph
  6312 | D:8      | Noticed Maggie
  6320 | D:8      | Killed Maggie
  6426 | D:8      | Reached XP level 10. HP: 78/78 MP: 9/9
  6491 | D:8      | Found a radiant altar of Vehumet.
  6565 | D:8      | Noticed a boulder beetle
  6583 | D:8      | Killed a boulder beetle
  6809 | D:8      | Reached skill level 5 in Fighting
  6825 | D:8      | Found Tagoly's Antique Armour Shoppe.
  7121 | D:9      | Reached skill level 5 in Armour
  7165 | D:9      | Found a stormy altar of Qazlal.
  7203 | D:9      | Identified the +9 short sword of the Wasp {freeze, Contam
                  | *Rage rF+++ rCorr SInv}
  7226 | D:9      | Found a flagged portal.
  7234 | D:9      | Reached **** piety under Trog
  7239 | Bailey   | Entered a bailey
  7307 | Bailey   | Identified the +2 buckler of Purpose {Drain rPois rF++
                  | Stlth+}
  7333 | Bailey   | Found a burning altar of Makhleb.
  7339 | Bailey   | Reached skill level 5 in Dodging
  7609 | D:9      | Noticed a two-headed ogre
  7615 | D:9      | Killed a two-headed ogre
  7673 | D:9      | Found a staircase to the Lair.
  8168 | D:10     | Entered Level 10 of the Dungeon
  8266 | D:10     | Noticed a boulder beetle
  8292 | D:10     | Killed a boulder beetle
  8293 | D:10     | Reached XP level 11. HP: 88/92 MP: 10/10
  9236 | D:11     | Noticed a seven-headed hydra
  9244 | D:11     | Killed a seven-headed hydra
  9644 | D:11     | Identified the +2 scale mail of Puckish Beauty {Regen+
                  | Int+3 Slay+2}
  9867 | D:12     | Noticed a five-headed hydra
  9873 | D:12     | Killed a five-headed hydra
 10174 | D:12     | Found a staircase to the Orcish Mines.
 10301 | D:12     | Found Ydoun's Weapon Shoppe.
 10304 | D:12     | Bought a +3 hand axe of freezing for 313 gold pieces
 10695 | Lair:1   | Entered Level 1 of the Lair of Beasts
 10718 | Lair:1   | Reached skill level 10 in Fighting
 10833 | Lair:1   | Reached XP level 12. HP: 94/106 MP: 11/11
 10881 | Lair:1   | Reached skill level 1 in Shields
 10881 | Lair:1   | Noticed Amaemon
 10890 | Lair:1   | Killed Amaemon
 10891 | Lair:1   | Reached skill level 3 in Shields
 10921 | Lair:1   | Reached skill level 4 in Shields
 10994 | Lair:1   | Noticed Urug
 11005 | Lair:1   | Reached skill level 5 in Shields
 11016 | Lair:1   | Killed Urug
 11017 | Lair:1   | Reached skill level 6 in Shields
 11115 | Lair:1   | Noticed Sonja
 11123 | Lair:1   | Killed Sonja
 11124 | Lair:1   | Reached skill level 7 in Shields
 11386 | Lair:1   | Noticed Erica
 11395 | Lair:1   | Killed Erica
 11396 | Lair:1   | Reached skill level 8 in Shields
 11664 | Lair:2   | Reached skill level 9 in Shields
 11680 | Lair:2   | Identified a scroll of acquirement
 11707 | Lair:2   | Acquired the ring "Vuaj" {rF+ Str+4 Slay+4 SInv}
 12017 | Lair:2   | Reached skill level 10 in Shields
 12146 | Lair:2   | Reached skill level 11 in Shields
 12353 | Lair:2   | Found a snail-covered altar of Cheibriados.
 12592 | Lair:2   | Found a hole to the Spider Nest.
 12646 | Lair:2   | Found a staircase to the Swamp.
 12707 | Lair:2   | Reached skill level 12 in Shields
 12955 | Lair:3   | Identified the +2 war axe "Cush" {flame, Drain Str+9 Int+2}
 13031 | Lair:3   | Found an ornate altar of the Wu Jian Council.
 13084 | Lair:3   | Reached XP level 13. HP: 107/113 MP: 10/12
 13328 | Lair:3   | Reached skill level 13 in Shields
 13925 | Lair:4   | Reached skill level 14 in Shields
 14182 | Lair:4   | Reached skill level 15 in Shields
 14291 | Lair:4   | Found a blossoming altar of Fedhas.
 14349 | Lair:4   | Found a staircase to the Slime Pits.
 14410 | Lair:4   | Found a transporter.
 14431 | Lair:4   | Reached ***** piety under Trog
 15026 | Lair:4   | Found a transporter.
 15291 | Lair:5   | Entered Level 5 of the Lair of Beasts
 15303 | Lair:5   | Reached skill level 16 in Shields
 15562 | Lair:4   | Reached skill level 17 in Shields
 15783 | Lair:4   | Reached XP level 14. HP: 107/121 MP: 10/13
 16026 | Lair:5   | Received a gift from Trog
 16057 | Lair:5   | Reached skill level 10 in Armour
 16185 | Lair:5   | Reached skill level 18 in Shields
 16631 | Lair:5   | Received a gift from Trog
 17371 | Lair:5   | Reached skill level 10 in Dodging
 18219 | Orc:1    | Entered Level 1 of the Orcish Mines
 18911 | Orc:2    | Entered Level 2 of the Orcish Mines
 18920 | Orc:2    | Found a staircase to the Elven Halls.
 18943 | Orc:2    | Found Huluisuch's Gadget Gallery.
 19178 | Orc:2    | Received a gift from Trog
 19477 | Orc:2    | Reached XP level 15. HP: 99/132 MP: 12/14
 19498 | Orc:2    | Found Qaxeproc's Weapon Emporium.
 19498 | Orc:2    | Found Okhyel's Armour Shop.
 20014 | Orc:2    | Found Qutzuiq's Armour Shop.
 20014 | Orc:2    | Found Ifuup's Antique Armour Emporium.
 20704 | Orc:2    | Bought the +2 pair of boots "Pauhufu" {rPois} for 385 gold
                  | pieces
 20714 | Orc:2    | Bought the +2 shield of Resistance {rF++ rC++ Will++} for
                  | 1057 gold pieces
 20714 | Orc:2    | Found the +2 shield of Resistance {rF++ rC++ Will++}
 21383 | D:13     | Noticed Jorgrun
 21395 | D:13     | Killed Jorgrun
 21429 | D:13     | Found a gate to the Vaults.
 21509 | D:13     | Reached skill level 19 in Shields
 22392 | D:14     | Noticed Kirke
 22409 | D:14     | Killed Kirke
 22509 | D:15     | Entered Level 15 of the Dungeon
 22515 | D:15     | Noticed Nessos
 22550 | D:15     | Killed Nessos
 22653 | D:15     | Found a shadowy altar of Dithmenos.
 22703 | D:15     | Noticed Rupert
 22713 | D:15     | Killed Rupert
 22807 | D:15     | Received a gift from Trog
 22831 | D:15     | Noticed Josephine
 22840 | D:15     | Killed Josephine
 22861 | D:15     | Found a staircase to the Depths.
 23145 | D:15     | Found Zicet's Weapon Emporium.
 23696 | Spider:1 | Entered Level 1 of the Spider Nest
 24138 | Spider:1 | Noticed an emperor scorpion
 24152 | Spider:1 | Killed an emperor scorpion
 24155 | Spider:1 | Reached XP level 16. HP: 123/144 MP: 11/15
 26168 | Spider:2 | Reached skill level 20 in Shields
 26517 | Spider:3 | HP: 6/138 [jumping spider[a torpor snail] (2)]
 26517 | Spider:3 | HP: 2/138 [jumping spider[a torpor snail] (4)]
 26517 | Spider:3 | Slain by a pharaoh ant

Illustrated notes

Levels and vault maps discovered:
D:1:      erik_arrival_cave_to_civilisation [erik_arrival_cave_to_hall],
          layout_loops_ring, dreamdust_ecumenical_altar_angels_and_demons,
          serial_shops, shop
D:2:      layout_loops_ring
D:3:      layout_loops_ring, uniq_ijyb, uniq_grinder, uniq_natasha
D:4:      layout_basic, serial_shops, nicolae_lakefront_shop, nicolae_titane,
          uniq_duvessa, uniq_sigmund
D:5:      layout_loops_ring, nrook_campfire
D:6:      layout_rooms, cheibriados_altar_1, lightli_sewer_entry_pipes
D:7:      layout_loops_corners, minmay_temple_entry_mini_moons, serial_shops,
          nicolae_shop_crystal, wad_floor_pattern_untrapped, uniq_joseph
D:8:      layout_loops_cross, nicolae_vehumet_altar_sigil, serial_shops, shop,
          kennysheep_minor_cross, uniq_maggie
D:9:      layout_cave_pods, lemuel_tele_altar, dpeg_oklobed_lair,
          enter_bailey_2, hangedman_minor_gate_pass
D:10:     layout_basic, roderic_roman_lattice
D:11:     layout_loops_ring, chequers_arboretum
D:12:     layout_irregular_city, minmay_orc_entry_temple_small, serial_shops,
          kennysheep_mini_moat
D:13:     layout_basic, david_vaults_2, minmay_microvault, uniq_jorgrun
D:14:     layout_rooms, grunt_decor_junction, uniq_kirke
D:15:     hangedman_depths_entry_try_elsewhere_first, layout_basic,
          nicolae_dithmenos_shadow_blocks, serial_shops,
          nicolae_inconvenience_store, uniq_josephine, uniq_nessos, uniq_rupert
Lair:1:   layout_roguey, serial_bayou_pond_a, serial_bayou_shore_b, uniq_erica,
          uniq_sonja, uniq_amaemon, uniq_urug
Lair:2:   layout_regular_city, minmay_swamp_entry_worms,
          nicolae_spider_entry_tight_spaces, kennysheep_snail_temple
Lair:3:   layout_cave_pods, basic_altar, serial_bayou_pond_e
Lair:4:   gammafunk_cloud_chamber, layout_cave_pods,
          minmay_slime_entry_jelly_boxes, basic_altar,
          infiniplex_staircase_pool, grunt_megastairs_3, lemuel_fruit_tree
Lair:5:   hangedman_lair_tendril_chambers, layout_regular_city,
          guppyfry_lair_end_dragon, grunt_forest_large_clearings
Spider:1: layout_spider_delve
Spider:2: layout_spider_delve, nicolae_looking_at_the_future,
          hangedman_spider_tarantella_strand
Spider:3: layout_spider_delve
Orc:1:    layout_diamond_mine, hangedman_minor_magic
Orc:2:    grunt_orc_tribal_feast, layout_diamond_mine, nicolae_shop_gadgets

Skill      XL: |  1  2  3  4  5  6  7  8  9 10 11 12 13 14 15 16 |
---------------+-------------------------------------------------+-----
Axes           | 4 5 8 9 11 14 16 17 18 19 | 19.2
Fighting       | 7 10 11 13 14 | 14.0
Armour         | 7 9 11 12 13 | 13.7
Dodging        | 6 8 10 11 12 | 12.7
Shields        | 12 17 18 19 20 | 20.0

Action                   |  1- 3 |  4- 6 |  7- 9 | 10-12 | 13-15 | 16-18 || total
-------------------------+-------+-------+-------+-------+-------+-------++-------
Melee: Hand axe          |    83 |    44 |       |       |       |       ||   127
       Headbutt          |    13 |     8 |    42 |   110 |   181 |    48 ||   402
       War axe           |       |    18 |   284 |   527 |   857 |   235 ||  1921
       Punch             |       |       |     1 |       |       |       ||     1
       Morningstar       |       |       |       |    18 |       |       ||    18
Invok: Berserk           |     1 |     3 |     6 |    20 |    12 |     2 ||    44
       Trog's Hand       |     1 |     2 |     6 |    17 |    14 |     3 ||    43
  Use: Scroll            |       |     4 |     7 |    16 |     8 |       ||    35
       Potion            |       |       |       |       |     3 |     5 ||     8
Armor: Scale mail        |     9 |       |       |       |       |       ||     9
       Chain mail        |    36 |    34 |    21 |       |       |       ||    91
       Plate armour      |       |       |    98 |   174 |   120 |   177 ||   569
       Storm dragon scal |       |       |       |   101 |   226 |       ||   327
Dodge: Dodged            |    34 |    23 |    80 |   203 |   320 |   121 ||   781
Block: Buckler           |       |       |       |   112 |   258 |       ||   370
       Kite shield       |       |       |       |       |   218 |   202 ||   420
